 Dungeon Crawl Stone Soup version 0.28-a0-1080-g05a166d0ed (webtiles) character file.

Game seed: 2908312294159025260

210 tsouns the Insei (level 5, -1/43 HPs)
             Began as a Demonspawn Monk on Dec 9, 2021.
             Was an Elder of Kikubaaqudgha.
             Slain by a water moccasin (4 damage)
             ... on level 5 of the Dungeon.
             The game lasted 00:07:07 (3959 turns).

tsouns the Insei (Demonspawn Monk)                  Turns: 3959, Time: 00:07:08

Health: -1/43      AC:  4    Str: 11      XL:     5   Next: 56%
Magic:  4/4        EV: 12    Int: 13      God:    Kikubaaqudgha [****..]
Gold:   110        SH:  0    Dex: 15 (16) Spells: 1/4 levels left

rFire   . . .      SeeInvis .     - Unarmed
rCold   . . .      Faith    .   (no shield)
rNeg    . . .      Spirit   .   a - +0 robe
rPois   .          Reflect  .   (helmet restricted)
rElec   .          Harm     .   (no cloak)
rCorr   .          Rampage  .   (no gloves)
Will    .....                   (no boots)
Stlth   ++........              (no amulet)
HPRegen 0.00/turn               (no ring)
MPRegen 0.09/turn               (no ring)

@: inhibited regen
A: horns 1, molten scales 1, powered by pain 1, deterioration 1, low mp 1,
inhibited regeneration
a: Renounce Religion, Receive Corpses


You were on level 5 of the Dungeon.
You worshipped Kikubaaqudgha.
Kikubaaqudgha was greatly pleased with you.
You visited 1 branch of the dungeon, and saw 5 of its levels.

You collected 110 gold pieces.

Inventory:

Hand Weapons
 c - a +5 quarterstaff of chaos
Missiles
 b - 44 poisoned darts (quivered)
Armour
 a - a +0 robe (worn)
 j - a +0 cloak
Jewellery
 h - a ring of fire
Scrolls
 e - 2 scrolls of teleportation
 f - a scroll of vulnerability


   Skills:
 + Level 4.3 Fighting
 - Level 2.6 Dodging
 - Level 1.7 Stealth
 * Level 5.0 Unarmed Combat


You had one spell level left.
You knew the following spells:

 Your Spells              Type           Power      Damage    Failure   Level
a - Animate Skeleton      Necr           0%         N/A       30%         1
b - Poisonous Vapours     Pois/Air       0%         N/A       43%         2

Your spell library contained the following spells:

 Spells                   Type           Power      Damage    Failure   Level
 Beastly Appendage        Tmut           0%         N/A       30%         1
 Pain                     Necr           0%         1d4       30%         1
 Corpse Rot               Necr/Air       0%         N/A       43%         2
 Sublimation of Blood     Necr           0%         N/A       43%         2
 Wereblood                Tmut           0%         N/A       43%         2
 Spider Form              Tmut/Pois      0%         N/A       67%         3
 Vampiric Draining        Necr           0%         2d6       67%         3
 Dispel Undead            Necr           0%         3d6       97%         4
 Agony                    Necr           0%         N/A       100%        5
 Borgnjor's Vile Clutch   Necr/Erth      0%         N/A       100%        5
 Death Channel            Necr           0%         N/A       100%        6
 Simulacrum               Ice/Necr       0%         N/A       100%        6


Dungeon Overview and Level Annotations

Branches:
Dungeon (4/15)
 Temple: D:4-7

Altars:
Kikubaaqudgha
Makhleb
The Shining One


Innate Abilities, Weirdness & Mutations

You have a pair of small horns on your head.
You are partially covered in molten scales. (AC +2)
You sometimes gain a little power by taking damage.
Your body sometimes deteriorates upon taking damage.
Your magical capacity is low. (-10% MP)
You do not regenerate when monsters are visible.


Message History

The water moccasin barely misses you.
You hit the water moccasin but do no damage.
The water moccasin is lightly wounded.
You feel sick. The water moccasin closely misses you.
You miss the water moccasin. You headbutt the water moccasin.
The water moccasin is moderately wounded.
You feel sick. The water moccasin misses you. The water moccasin bites you.
You are lethally poisoned!
The water moccasin poisons you!
You barely miss the water moccasin.
The water moccasin is moderately wounded.
Your body deteriorates!
You feel clumsy.
You feel very sick. The water moccasin bites you!
* * * LOW HITPOINT WARNING * * *
You hit the water moccasin.
The water moccasin is moderately wounded.
* * * LOW HITPOINT WARNING * * *
You feel very sick. The water moccasin misses you.
You feel better. The water moccasin misses you.
The water moccasin bites you but does no damage.
You closely miss the water moccasin.
Your headbutt misses the water moccasin.
The water moccasin is moderately wounded.
The water moccasin closely misses you.
You closely miss the water moccasin.
The water moccasin is moderately wounded.
The water moccasin barely misses you.
You closely miss the water moccasin.
Your headbutt misses the water moccasin.
The water moccasin is moderately wounded.
The water moccasin bites you.
* * * LOW HITPOINT WARNING * * *
The water moccasin bites you.
* * * LOW HITPOINT WARNING * * *
You hit the water moccasin but do no damage.
The water moccasin is moderately wounded.
The water moccasin bites you.
You die...
Kikubaaqudgha rasps: "You have failed me!
Welcome... death!"

## ..### ## #...#
..## #...##
#...## ##....##
#......
#......###.......
#............#
#.<..@S...####
#$.##....### #
##..## #.## ...#
....# ..##. .


You could see a water moccasin.

Vanquished Creatures
  Crazy Yiuf (D:2)
  Terence (D:2)
  An iguana (D:3)
  An orc wizard (D:3)
  3 adders
  3 worms
  A dart slug (D:1)
  4 orcs (D:3)
  9 endoplasms
  3 goblins
  3 hobgoblins
  3 jackals (D:3)
  9 kobolds
  3 quokkas (D:1)
  5 ball pythons
  4 bats
  2 frilled lizards (D:3)
  4 rats
60 creatures vanquished.

Vanquished Creatures (collateral kills)
  An endoplasm (D:2)
  A goblin (D:2)
  A quokka (D:2)
3 creatures vanquished.

Grand Total: 63 creatures vanquished

Notes
Turn   | Place    | Note
-------+----------+-------------------------------------------
     0 | D:1      | tsouns the Demonspawn Monk began the quest for the Orb.
     0 | D:1      | Reached XP level 1. HP: 18/18 MP: 1/1
     6 | D:1      | Found a faded altar of an unknown god.
     6 | D:1      | Noticed a great orb of eyes
     8 | D:1      | Noticed a great orb of eyes
    16 | D:1      | Noticed a floating eye
    16 | D:1      | Noticed a golden eye
    31 | D:1      | Prayed at the altar of an unknown god.
    31 | D:1      | Became a worshipper of Kikubaaqudgha
    31 | D:1      | Reached * piety under Kikubaaqudgha
    31 | D:1      | Received a gift from Kikubaaqudgha
    31 | D:1      | Reached ** piety under Kikubaaqudgha
   408 | D:1      | Reached skill level 3 in Unarmed Combat
   411 | D:1      | Gained mutation: You have a pair of small horns on your
                  | head. [demonic ancestry]
   411 | D:1      | Reached XP level 2. HP: 15/24 MP: 2/2
   624 | D:1      | Reached *** piety under Kikubaaqudgha
   624 | D:1      | Received a gift from Kikubaaqudgha
   629 | D:1      | Learned a level 1 spell: Animate Skeleton
  1301 | D:2      | Gained mutation: You sometimes gain a little power by
                  | taking damage. [demonic ancestry]
  1301 | D:2      | Reached XP level 3. HP: 27/29 MP: 1/3
  1340 | D:2      | Found a runed translucent door.
  1341 | D:2      | Noticed Crazy Yiuf
  1358 | D:2      | Killed Crazy Yiuf
  1503 | D:2      | Noticed Terence
  1512 | D:2      | Reached skill level 4 in Unarmed Combat
  1512 | D:2      | Reached XP level 4. HP: 32/37 MP: 4/4
  1545 | D:2      | HP: 1/37 [bat (1)]
  1547 | D:2      | Gained mutation: Your body sometimes deteriorates upon
                  | taking damage. [potion of mutation]
  1547 | D:2      | Gained mutation: You have hidden genetic defects. [potion
                  | of mutation]
  1560 | D:2      | Killed Terence
  1561 | D:2      | Gained mutation: Your magical capacity is low. (-10% MP)
                  | [hidden defects]
  1899 | D:2      | Found a burning altar of Makhleb.
  2663 | D:3      | Gained mutation: You do not regenerate when monsters are
                  | visible. [hidden defects]
  2663 | D:3      | Lost mutation: You have hidden genetic defects. [hidden
                  | defects expressed]
  2787 | D:3      | Reached **** piety under Kikubaaqudgha
  2957 | D:3      | Gained mutation: You are partially covered in molten
                  | scales. (AC +2) [demonic ancestry]
  2957 | D:3      | Reached XP level 5. HP: 14/42 MP: 4/4
  3193 | D:3      | Learned a level 2 spell: Poisonous Vapours
  3893 | D:3      | Reached skill level 5 in Unarmed Combat
  3941 | D:4      | You fall into a shaft and drop 1 floor!
  3941 | D:5      | Entered Level 5 of the Dungeon
  3941 | D:5      | Noticed a water moccasin
  3959 | D:5      | Slain by a water moccasin

Illustrated notes

Levels and vault maps discovered:
D:1:      minmay_arrival_three_doors, layout_rooms,
          hellmonk_ecumenical_altar_watching_god
D:2:      layout_rooms, basic_altar, uniq_crazy_yiuf_cottage, uniq_terence
D:3:      layout_basic, lemuel_crystal_altar
D:4:      layout_basic, general_overflow_altar, tgw_trog,
          minmay_temple_entry_mist, serial_bayou_pond_d, fountainhead,
          uniq_duvessa
D:5:      layout_layer_cave, lemuel_coloured_pillars_altar,
          minmay_fire_ice_demons

Skill      XL: |  1  2  3  4  5 |
---------------+----------------+-----
Unarmed Combat | 3 4 5 |  5.0
Fighting       | 4 |  4.3
Dodging        | |  2.6
Stealth        | |  1.7

Action                   |  1- 3 |  4- 6 || total
-------------------------+-------+-------++-------
Melee: Unarmed           |    77 |   146 ||   223
       Headbutt          |     6 |    24 ||    30
       Punch             |       |     1 ||     1
Throw: Dart              |       |    16 ||    16
 Cast: Animate Skeleton  |     5 |    10 ||    15
  Use: Potion            |     1 |     6 ||     7
       Scroll            |       |     4 ||     4
 Stab: Sleeping          |     2 |     6 ||     8
Armor: Robe              |     8 |    24 ||    32
       Skin              |       |     9 ||     9
Dodge: Dodged            |    46 |    84 ||   130

Table legend: (Time is in decaauts)
 A = Elapsed time spent in this place.
 B = Non-inter-level travel time spent in this place.
 C = Inter-level travel time spent in this place.
 D = Time resting spent in this place.
 E = Time spent auto-exploring this place.
 F = Levels seen in this place.
 G = Mean time per level.
                   A        B        C        D        E       F      G
               +--------+--------+--------+--------+--------+-----+--------+
         Total |   3928 |   3860 |     68 |    139 |   2950 |   5 |  785.6 |
       Dungeon |   3928 |   3860 |     68 |    139 |   2950 |   5 |  785.6 |
               +--------+--------+--------+--------+--------+-----+--------+

Top non-repeatable levels by time:
     D:3: 1382 daAuts
     D:1: 1271 daAuts
     D:2: 1252 daAuts
     D:5: 16 daAuts
     D:4: 5 daAuts
